 Dungeon Crawl Stone Soup version 0.17.0-56-gd8de76c (webtiles) character file.

23 coffecat the Scratcher (level 2, 0/12 HPs)
             Began as a Felid Transmuter on Dec 4, 2015.
             Slain by a jackal (2 damage)
             ... on level 1 of the Dungeon.
             The game lasted 00:02:15 (794 turns).

coffecat the Scratcher (Felid Transmuter)            Turns: 794, Time: 00:02:15

Health: 0/12       AC:  1    Str:  6    XL:     2   Next: 72%
Magic:  6/6        EV: 18    Int: 14    God:
Gold:   62         SH:  0    Dex: 16    Spells: 1 memorised, 4 levels left
                                        Lives:  0   Deaths: 0

rFire  . . .     SeeInvis +       - Unarmed
rCold  . . .     Clarity  .     (armour unavailable)
rNeg   . . .     SustAt   .     (shield unavailable)
rPois  .         Gourm    .     (helmet unavailable)
rElec  .         Spirit   .     (cloak unavailable)
rCorr  .         Warding  .     (gloves unavailable)
rMut   .         Stasis   .     (boots unavailable)
MR     .....                    (no amulet)
Stlth  ++........               (no ring)
                                (no ring)

@: quick, not resistant to hostile enchantments, unstealthy
A: no armour, no weapons or thrown items, claws 1, fangs 3, see invisible,
carnivore 3, speed 1, shaggy fur 1, slow metabolism 1, sharp paws
a: no special abilities


You were on level 1 of the Dungeon.
You were completely stuffed.

You visited 1 branch of the dungeon, and saw 1 of its levels.

You collected 62 gold pieces.

Inventory:

Missiles
 a - 12 arrows
Jewellery
 h - a cursed ring of teleportation {unknown}
Scrolls
 d - 2 scrolls of identify {unknown}
 e - a scroll of teleportation {unknown}
 f - a scroll of recharging {unknown}
Books
 b - a book of Changes

   Spells                             Type                      Level
   a - Beastly Appendage              Transmutation                1
   b - Sticks to Snakes               Transmutation                2
   c - Spider Form                    Transmutation/Poison         3
   d - Ice Form                       Ice/Transmutation            4
   e - Blade Hands                    Transmutation                5
Comestibles
 c - 2 meat rations
 g - an inedible chunk of flesh
 i - a chunk of flesh


   Skills:
 + Level 1.0 Fighting
 + Level 3.1 Dodging
 + Level 3.6 Unarmed Combat
 + Level 2.0 Spellcasting
 + Level 2.5 Transmutations


You had 4 spell levels left.
You knew the following spells:

 Your Spells              Type           Power        Failure   Level  Hunger
a - Beastly Appendage     Trmt           #.....       10%         1    ##.....


Dungeon Overview and Level Annotations

Branches:
Dungeon (1/15)

Altars:


Innate Abilities, Weirdness & Mutations

You cannot wear armour.
You are incapable of wielding weapons or throwing items.
You have sharp claws.
You have razor-sharp teeth.
You have supernaturally acute eyesight.
You are carnivorous and can eat meat at any time.
You cover ground quickly.
You are covered in fur (AC +1).
You have a slow metabolism.
Your sharp claws are effective at attacking unaware monsters.


Message History

You completely miss the jackal.
The jackal is moderately wounded.
The jackal closely misses you. The jackal misses you.
You scratch the jackal.
The jackal is heavily wounded.
The jackal closely misses you. The jackal misses you.
The jackal barely misses you. The jackal bites you.
* * * LOW HITPOINT WARNING * * *
You scratch the jackal.
The jackal is severely wounded.
The jackal closely misses you. The jackal bites you.
* * * LOW HITPOINT WARNING * * *
You scratch the jackal.
You kill the jackal!
The jackal completely misses you.
Your horns disappear.
You barely miss the jackal. You bite the jackal.
The jackal is severely wounded.
The jackal misses you. The jackal bites you.
You die...

#####'####### #..#........#.#..
#..........................#.#.#
#.########.#...#.##............#
#.# #.#........#..#........
##.########.#...#.##........##..^
..................#.........##...
.##########.................##...
.................................
.............†.h@...........###..
...........#..............#.###.#
...........#..###.#.....#.#.....#
...........#................###.#
...........#..#.....#.#.#...###.#
#...............#...#.#.##.......
#..........#..#.#...#.#.......#.#
...#................#...........#
...####.......#.....#...).......#


You could see a jackal.

Vanquished Creatures
  An ooze (D:1)
  2 giant geckos (D:1)
  3 hobgoblins (D:1)
  2 kobolds (D:1)
  A bat (D:1)
  2 giant newts (D:1)
  3 goblins (D:1)
  2 jackals (D:1)
  A rat (D:1)
17 creatures vanquished.

Notes
Turn   | Place    | Note
--------------------------------------------------------------
     0 | D:1      | coffecat the Felid Transmuter began the quest for the Orb.
     0 | D:1      | Reached XP level 1. HP: 9/9 MP: 4/4
   299 | D:1      | Reached XP level 2. HP: 9/12 MP: 4/6
   794 | D:1      | Slain by a jackal

Action                   || total
-------------------------++-------
Melee: Unarmed           ||    42
 Cast: Beastly Appendage ||     8
 Stab: Sleeping          ||     1
  Eat: Chunk             ||     7
